 Dungeon Crawl Stone Soup version 0.29-a0-1043-g569b05d6ff (webtiles) character file.

Game seed: 9762659129338632189

20641 Plasmagod the Severer (level 12, 0/122 HPs)
             Began as a Minotaur Berserker on Aug 16, 2022.
             Was the Champion of Trog.
             Slain by a titanic slime creature (67 damage)
             ... on level 12 of the Dungeon.
             The game lasted 00:37:59 (10070 turns).

Plasmagod the Severer (Minotaur Berserker)         Turns: 10070, Time: 00:38:00

Health: 0/122      AC: 19    Str: 38    XL:     12   Next: 47%
Magic:  11/11      EV: 26    Int:  4    God:    Trog [******]
Gold:   1435       SH:  3    Dex: 10    Spells: 11/11 levels left

rFire   . . .      SeeInvis +   a - +4 broad axe
rCold   + . .      Faith    .   l - +0 buckler
rNeg    + . .      Spirit   .   y - +1 troll leather armour {Pargi}
rPois   +          Reflect  .   M - +5 hat of Mairchix {Contam Fly rElec Will++}
rElec   +          Harm     .   q - +1 cloak {Will+}
rCorr   .          Rampage  .   O - +0 pair of gloves of Jonk {-Cast -Tele Str+8}
Will    +++..      NoTele   +   (no boots)
Stlth   +......... NoCast   +   n - amulet "Viohaxt" {Acrobat rPois Regen+ Str+3 SInv}
HPRegen 1.90/turn               m - ring "Mengam" {Contam rPois rC+ rN+}
MPRegen 0.12/turn               r - +4 ring of protection

@: acrobatic, flying, studying Short Blades
A: horns 2, retaliatory headbutt
a: Renounce Religion, Berserk, Trog's Hand, Brothers in Arms


You were on level 12 of the Dungeon.
You worshipped Trog.
Trog was exalted by your worship.
You visited 1 branch of the dungeon, and saw 12 of its levels.
You also visited: Sewer and Bailey.

You collected 1435 gold pieces.

Inventory:

Hand Weapons
 a - a +4 broad axe (weapon)
 b - a +5 spear
Missiles
 Q - 6 throwing nets (quivered)
Armour
 l - a +0 buckler (worn)
 q - a +1 cloak of willpower (worn)
 y - a +1 troll leather armour (worn) {Pargi}
 M - the +5 hat of Mairchix (worn) {Contam Fly rElec Will++}
   (You found it in a bailey)

   rElec:     It insulates you from electricity.
   Fly:       It grants you flight.
   Contam:    It causes magical contamination when unequipped.
   Will:      It greatly increases your willpower.
 O - the +0 pair of gloves of Jonk (worn) {-Cast -Tele Str+8}
   (You acquired it on level 8 of the Dungeon)

   Str:       It affects your strength (+8).
   -Cast:     It prevents spellcasting.
   -Tele:     It prevents most forms of teleportation.
Jewellery
 m - the ring "Mengam" (left hand) {Contam rPois rC+ rN+}
   (You found it on level 2 of the Dungeon)

   [ring of protection from cold]

   rC:        It protects you from cold.
   rPois:     It protects you from poison.
   rN:        It protects you from negative energy.
   Contam:    It causes magical contamination when unequipped.
 n - the amulet "Viohaxt" (around neck) {Acrobat rPois Regen+ Str+3 SInv}
   (You acquired it on level 8 of the Dungeon)

   [amulet of the acrobat]

   It increases your evasion while moving and waiting.
   Str:       It affects your strength (+3).
   rPois:     It protects you from poison.
   SInv:      It lets you see invisible.
   Regen:     It increases your rate of health regeneration.
 o - the ring of the Grinning Genius {Wiz rCorr Int+2}
   (You found it on level 2 of the Dungeon)

   [ring of wizardry]

   It improves your spell success rate.
   Int:       It affects your intelligence (+2).
   rCorr:     It protects you from acid and corrosion.
 r - a +4 ring of protection (right hand)
 z - a +6 ring of dexterity
 S - a ring of ice
Wands
 e - a wand of flame (15)
 t - a wand of paralysis (12)
 v - a wand of polymorph (18)
 N - a wand of acid (6)
 P - a wand of iceblast (6)
 R - a wand of mindburst (7)
Scrolls
 c - a scroll of poison
 d - 2 scrolls of identify
 f - 2 scrolls of immolation
 g - 2 scrolls of enchant weapon
 h - 9 scrolls of teleportation
 j - 2 scrolls of enchant armour
 w - 2 scrolls of fog
 x - 3 scrolls of fear
 G - a scroll of silence
 I - 2 scrolls of acquirement
 T - 2 scrolls of magic mapping
 U - a scroll of noise {unknown}
Potions
 i - a potion of invisibility {unknown}
 k - 3 potions of haste
 p - a potion of berserk rage {unknown}
 s - a potion of resistance {unknown}
 u - 2 potions of heal wounds {unknown}
 A - 2 potions of attraction
 B - 3 potions of curing {unknown}
 C - 2 potions of mutation {unknown}
 D - 4 potions of degeneration {unknown}
 E - a potion of cancellation {unknown}
 F - 4 potions of flight {unknown}
 H - 2 potions of might
 J - 3 potions of ambrosia {unknown}
 K - a potion of magic {unknown}
 L - a potion of lignification {unknown}


   Skills:
 - Level 16.0 Fighting
 - Level 18.0 Axes
 + Level 7.4 Armour
 - Level 2.1 Dodging


You had 11 spell levels left.
You didn't know any spells.
Your spell library was empty.

Dungeon Overview and Level Annotations

Branches:
Dungeon (12/15)            Temple (0/1) D:5            Lair (0/5) D:11
    Orc (0/2) D:10          Sewer (visited)          Bailey (visited)

Altars:
Hepliaklqana
Sif Muna
Trog
Vehumet
Wu Jian
Xom
The Shining One

Shops:
D:4 :

Annotations:
D:8 2 transporters, confidenceinterval's ghost, novice TeCj


Innate Abilities, Weirdness & Mutations

You have a pair of horns on your head.
You reflexively headbutt those who attack you in melee.


Message History

The slime creature quivers. x4
A slime creature comes into view.
The slime creature quivers.
Two slime creatures merge to form a large slime creature.
Two slime creatures merge to form a large slime creature.
The slime creature hits you!
Two slime creatures merge to form a very large slime creature.
You slice the slime creature!!
The slime creature is heavily wounded.
You slash the very large slime creature!
The very large slime creature barely misses you.
The slime creature hits you but does no damage.
Two slime creatures merge to form an enormous slime creature.
You barely miss the slime creature.
The slime creature is moderately wounded.
You slash the enormous slime creature! You slice the slime creature!!
The slime creature hits you but does no damage.
You block the slime creature's attack.
You carve the slime creature like a ham!!!
You kill the slime creature!
Trog accepts your kill.
You slice the slime creature!! You hit the enormous slime creature.
Two slime creatures merge to form a titanic slime creature.
The slime creature hits you but does no damage.
Two slime creatures merge to form a very large slime creature.
The very large slime creature attacks as you move away!
The very large slime creature misses you.
You furiously retaliate!
You headbutt the very large slime creature!
The very large slime creature attacks as you move away!
The very large slime creature hits you!
The very large slime creature attacks as you move away!
The very large slime creature barely misses you.
The very large slime creature attacks as you move away!
The very large slime creature hits you!!!
Found an escape hatch in the ceiling.
The titanic slime creature attacks as you move away!
The titanic slime creature hits you!!!
Ouch! That really hurt!
You die...

######### #........<
############.........
#...................
####.................#
.....................#
.....................#
...............J.....##
...............J@.....#
......................###
......................)..
...........######(.......
........####....#รท####...
........#.......#.#..############
....)#'##.......#.'..............
.....#..........#.#..............
.[...#..........#.##.............


You could see a titanic slime creature and a very large slime creature.

Vanquished Creatures
  Harold (D:10)
  A boulder beetle (D:12)
  3 hydras
  2 two-headed ogres
  Amaemon (D:9)
  Lodul (D:12)
  An ugly thing (D:9)
  Maurice (D:10)
  A cyclops (D:12)
  An orange demon (D:9)
  2 kobold demonologists (Bailey)
  6 trolls
  A slime creature (D:12)
  2 vampires
  11 yaks
  A wraith (D:10)
  A wyvern (D:7)
  2 basilisks
  9 vampire mosquitoes
  2 acid dragons (D:11)
  6 water moccasins
  2 ice beasts
  11 orc warriors
  3 black bears
  Pargi (Sewer)
  The ghost of LucemDeus the Trooper, an amateur DrMo of Zin (D:3)
  2 sky beasts (D:6)
  13 ogres
  9 centaurs
  A phantom (D:4)
  2 kobold brigands (D:8)
  5 gnoll sergeants
  6 bullfrogs
  2 necrophages
  2 scorpions
  5 wights (D:6)
  13 killer bees
  6 howler monkeys
  5 electric eels (Bailey)
  2 jellies (D:6)
  8 orc priests
  7 hounds
  2 gnoll boudas (D:10)
  Ijyb (D:3)
  2 iguanas (D:6)
  13 orc wizards
  35 gnolls
  11 adders
  A shadow imp (D:7)
  2 white imps
  2 worms (D:2)
  2 dart slugs
  32 orcs
  8 ball pythons
  8 endoplasms
  8 giant cockroaches
  24 goblins
  18 hobgoblins
  3 jackals (D:10)
  5 quokkas
  6 bats
  12 frilled lizards
  27 kobolds
  9 rats
393 creatures vanquished.

Vanquished Creatures (others)
  36 fungi (D:11)
  62 plants
98 creatures vanquished.

Grand Total: 491 creatures vanquished

Notes
Turn   | Place    | Note
-------+----------+-------------------------------------------
     0 | D:1      | Plasmagod the Minotaur Berserker began the quest for the
                  | Orb.
     0 | D:1      | Reached XP level 1. HP: 19/19 MP: 0/0
    98 | D:1      | Reached skill level 4 in Axes
   125 | D:1      | Reached XP level 2. HP: 22/26 MP: 1/1
   387 | D:1      | Found a faded altar of an unknown god.
   508 | D:1      | Reached ** piety under Trog
   509 | D:1      | Reached skill level 5 in Axes
   519 | D:1      | Reached XP level 3. HP: 29/31 MP: 2/2
   923 | D:2      | Identified the ring "Mengam" {Contam rPois rC+ rN+}
  1136 | D:2      | Identified the ring of the Grinning Genius {Wiz rCorr
                  | Int+2}
  1157 | D:2      | Reached skill level 6 in Axes
  1157 | D:2      | Reached XP level 4. HP: 39/39 MP: 3/3
  1497 | D:3      | Reached *** piety under Trog
  1540 | D:3      | Noticed a water moccasin
  1540 | D:3      | Noticed LucemDeus's ghost (amateur DrMo)
  1541 | D:3      | Found a transporter.
  1563 | D:3      | Reached skill level 7 in Axes
  1563 | D:3      | Reached XP level 5. HP: 21/45 MP: 4/4
  1581 | D:3      | Found a transporter.
  1867 | D:3      | Noticed Ijyb
  1876 | D:3      | Killed Ijyb
  1920 | D:3      | Found a radiant altar of Vehumet.
  2133 | D:4      | Found a glowing drain.
  2148 | Sewer    | Entered a sewer
  2151 | Sewer    | Noticed Pargi
  2157 | Sewer    | Killed Pargi
  2158 | Sewer    | Reached skill level 8 in Axes
  2158 | Sewer    | Reached XP level 6. HP: 51/51 MP: 5/5
  2328 | D:4      | Found Festogye's Book Boutique.
  2369 | D:4      | Reached skill level 9 in Axes
  2777 | D:5      | Entered Level 5 of the Dungeon
  2851 | D:5      | Reached XP level 7. HP: 57/57 MP: 6/6
  2911 | D:5      | Reached skill level 10 in Axes
  2961 | D:5      | Found a hazy altar of Hepliaklqana.
  2962 | D:5      | Found a shimmering blue altar of Sif Muna.
  2967 | D:5      | Reached **** piety under Trog
  3000 | D:5      | Found a staircase to the Ecumenical Temple.
  3489 | D:6      | Reached skill level 11 in Axes
  3772 | D:6      | Found an ornate altar of the Wu Jian Council.
  3881 | D:6      | Reached XP level 8. HP: 64/64 MP: 7/7
  4088 | D:6      | Reached skill level 12 in Axes
  4294 | D:6      | Reached skill level 13 in Axes
  4557 | D:7      | Reached skill level 14 in Axes
  4563 | D:7      | Reached XP level 9. HP: 47/70 MP: 8/8
  4754 | D:7      | Found a glowing golden altar of the Shining One.
  4911 | D:7      | Reached skill level 15 in Axes
  4981 | D:7      | Reached ***** piety under Trog
  5657 | D:8      | Reached skill level 16 in Axes
  5688 | D:8      | Found a flagged portal.
  5690 | D:8      | Noticed a troll
  5703 | D:8      | Killed a troll
  5704 | D:8      | Reached skill level 5 in Fighting
  5725 | Bailey   | Entered a bailey
  5851 | Bailey   | Noticed a kobold demonologist
  5872 | Bailey   | Killed a kobold demonologist
  5873 | Bailey   | Reached XP level 10. HP: 88/88 MP: 9/9
  6261 | Bailey   | Found an iron altar of Okawaru.
  6265 | Bailey   | Noticed a sun demon
  6268 | Bailey   | Noticed a smoke demon
  6338 | Bailey   | Identified the +5 hat of Mairchix {Contam Fly rElec Will++}
  6364 | Bailey   | Identified the +8 mace "Ultimatum" {vorpal, Int+2 Stlth+}
  6587 | D:8      | Found a bloodstained altar of Trog.
  6588 | D:8      | Noticed confidenceinterval's ghost (novice TeCj)
  6594 | D:8      | Found a transporter.
  6598 | D:8      | Noticed a moth of wrath
  6605 | D:8      | Received a gift from Trog
  6613 | D:8      | Reached skill level 10 in Fighting
  6879 | D:8      | Found a transporter.
  7099 | D:8      | Acquired a +1 cloak of willpower
  7106 | D:8      | Acquired the +0 pair of gloves of Jonk {-Cast -Tele Str+8}
  7120 | D:8      | Acquired the amulet "Viohaxt" {Acrobat rPois Regen+ Str+3
                  | SInv}
  7225 | D:3      | Killed LucemDeus's ghost
  7428 | D:9      | Noticed a purple ugly thing
  7431 | D:9      | Killed a purple ugly thing
  7776 | D:9      | Reached XP level 11. HP: 106/106 MP: 10/10
  7786 | D:9      | Found a shimmering altar of Xom.
  7819 | D:9      | Noticed Amaemon
  7833 | D:9      | Killed Amaemon
  8104 | D:10     | Entered Level 10 of the Dungeon
  8219 | D:10     | Noticed Maurice
  8229 | D:10     | Killed Maurice
  8230 | D:10     | Noticed Harold
  8244 | D:10     | Killed Harold
  8259 | D:10     | Found a staircase to the Orcish Mines.
  8415 | D:10     | Reached skill level 15 in Fighting
  8487 | D:10     | Reached ****** piety under Trog
  8870 | D:11     | Noticed a five-headed hydra
  8879 | D:11     | Noticed a two-headed ogre
  8883 | D:11     | Noticed a five-headed hydra
  9147 | D:11     | Identified the +6 dire flail of Revolt {vorpal, Dex+3}
                  | (Trog gifted it to you on level 11 of the Dungeon)
  9147 | D:11     | Received a gift from Trog
  9152 | D:11     | Found a staircase to the Lair.
  9158 | D:11     | Killed a two-headed ogre
  9364 | D:11     | Killed a five-headed hydra
  9365 | D:11     | Reached skill level 17 in Axes
  9389 | D:11     | Killed a five-headed hydra
  9390 | D:11     | Reached XP level 12. HP: 116/122 MP: 11/11
  9706 | D:12     | Noticed an eight-headed hydra
  9712 | D:12     | Killed an eight-headed hydra
  9778 | D:12     | Reached skill level 18 in Axes
  9796 | D:12     | Noticed a two-headed ogre
  9803 | D:12     | Killed a two-headed ogre
  9848 | D:12     | Noticed Lodul
  9863 | D:12     | Killed Lodul
  9864 | D:12     | Reached skill level 5 in Armour
  9923 | D:12     | Noticed a boulder beetle
  9929 | D:12     | Killed a boulder beetle
 10070 | D:12     | Slain by a titanic slime creature

Illustrated notes

Levels and vault maps discovered:
D:1:      amcnicky_arrival_wind_blow, layout_basic,
          shapermc_ecumenical_altar_mp_vishouse, minivault_5, hex_medium,
          minmay_misc_feat_square, minmay_lizard_pond
D:2:      layout_basic, nicolae_underground_beach
D:3:      layout_basic, mainiacjoe_overflow_alcove_2, gammafunk_ghost_arena,
          uniq_ijyb
D:4:      layout_gridville, gup_sewer_entry_pipe, serial_shops,
          nicolae_diamond_shop
D:5:      layout_basic, nicolae_overflow_squiral, minmay_temple_entry_tees
D:6:      layout_basic, nzn_wu_jian_council_hall, minmay_manual_mares
D:7:      kennysheep_housing_project, layout_gridville, lemuel_crystal_altar,
          grunt_decor_junction, st_stairs_5
D:8:      layout_loops_ring, gammafunk_ghost_wrathful_warriors, enter_bailey_5
D:9:      layout_basic, kennysheep_mini, serial_aquarium,
          aquarium_bridge_island_large [aquarium_subvault_large_1_pool,
          aquarium_subvault_bridge, aquarium_subvault_wall,
          aquarium_subvault_wall, aquarium_subvault_bridge], aquarium_window_2,
          aquarium_window_1, aquarium_view_2b, aquarium_view_2e,
          aquarium_balcony_1b, aquarium_pool_double, uniq_amaemon
D:10:     layout_big_octagon, erik_orc_3, serial_gnoll_camp,
          gnoll_camp_huts_basic, gnoll_camp_mini_hut, gnoll_camp_mini_sergeant,
          gnoll_camp_mini_basic, uniq_harold, uniq_maurice
D:11:     layout_loops_ring, due_lair_maze_entry_diamond,
          hangedman_decor_riveting
D:12:     layout_irregular_city, nicolae_ru_the_path_less_chosen, uniq_lodul

Skill      XL: |  1  2  3  4  5  6  7  8  9 10 11 12 |
---------------+-------------------------------------+-----
Axes           | 4 5 6 7 8 9 11 14 16 17 18 | 18.0
Fighting       | 7 12 16 | 16.0
Armour         | 7 |  7.4
Dodging        | |  2.1

Action                   |  1- 3 |  4- 6 |  7- 9 | 10-12 || total
-------------------------+-------+-------+-------+-------++-------
Melee: Hand axe          |    80 |   167 |   372 |    30 ||   649
       Headbutt          |    10 |    20 |    70 |    69 ||   169
       Punch             |       |     1 |     3 |       ||     4
       Broad axe         |       |       |       |   321 ||   321
       Spear             |       |       |       |    24 ||    24
Throw: Throwing net      |       |       |       |     2 ||     2
Invok: Berserk           |       |     2 |     5 |     6 ||    13
Evoke: Wand              |       |       |       |     1 ||     1
  Use: Scroll            |       |    10 |     3 |     6 ||    19
Armor: Animal skin       |     8 |    25 |       |       ||    33
       Troll leather arm |       |    22 |   124 |   132 ||   278
Dodge: Dodged            |    47 |    68 |   159 |   206 ||   480
Block: Buckler           |       |       |    13 |    47 ||    60

Table legend: (Time is in decaauts)
 A = Elapsed time spent in this place.
 B = Non-inter-level travel time spent in this place.
 C = Inter-level travel time spent in this place.
 D = Time resting spent in this place.
 E = Time spent auto-exploring this place.
 F = Levels seen in this place.
 G = Mean time per level.
                   A        B        C        D        E       F      G
               +--------+--------+--------+--------+--------+-----+--------+
         Total |   9980 |   9422 |    558 |    276 |   6849 |  14 |  712.9 |
       Dungeon |   9037 |   8479 |    558 |    160 |   6575 |  12 |  753.1 |
         Sewer |    146 |    146 |      0 |      0 |     94 |   1 |  146.0 |
        Bailey |    796 |    796 |      0 |    115 |    180 |   1 |  796.0 |
               +--------+--------+--------+--------+--------+-----+--------+

Top non-repeatable levels by time:
     D:7: 1174 daAuts
     D:6: 1077 daAuts
     D:1: 865 daAuts
  Bailey: 796 daAuts
    D:10: 769 daAuts
     D:9: 754 daAuts
     D:8: 740 daAuts
     D:3: 711 daAuts
     D:5: 691 daAuts
    D:11: 673 daAuts
     D:2: 598 daAuts
     D:4: 584 daAuts
    D:12: 397 daAuts
   Sewer: 146 daAuts
